 Dungeon Crawl Stone Soup version 0.32-a0-42-ga30500b4d3 (webtiles) character file.

Game seed: 7834424363905007102

1838 Dittersdorf the Trooper (level 9, -14/57 HPs)
             Began as a Gargoyle Fighter on Jan 29, 2024.
             Killed from afar by an acid dragon (29 damage)
             ... with a splash of acid
             ... on level 6 of the Dungeon.
             The game lasted 00:07:47 (5009 turns).

Dittersdorf the Trooper (Gargoyle Fighter)          Turns: 5009, Time: 00:07:47

Health: -14/57     AC:  9    Str: 24    XL:     9   Next: 11%
Magic:  3/3        EV: 10    Int:  9    God:
Gold:   134        SH:  5    Dex:  9    Spells: 8/8 levels left

rFire   . . .        p - +10 mace of Enwivyhu {antimagic, +Blink rPois}
rCold   + . .        c - +0 buckler
rNeg    + . .        e - +2 ring mail {rC+}
rPois   ∞            s - +1 helmet {SInv}
rElec   +            i - scarf {repulsion}
rCorr   .            (no gloves)
SInv    +            (no boots)
Will    .....        g - amulet of magic regeneration Stlth
                     k - ring of flight
HPRegen 0.29/turn    (no ring)
MPRegen 0.48/turn

%: repel missiles
@: corroded, flying
A: sickness immunity, AC +6, negative energy resistance 1, electricity
resistance, torment resistance 1, petrification resistance
a: Evoke Blink


You were on level 6 of the Dungeon.
You visited 2 branches of the dungeon, and saw 7 of its levels.
You also visited: Sewer.

You collected 299 gold pieces.
You spent 165 gold pieces at shops.

Inventory:

Hand Weapons
 p - the +10 mace of Enwivyhu (weapon) {antimagic, +Blink rPois}
   (You found it on level 2 of the Dungeon)

   rPois:     It protects you from poison +Blink: It lets you blink.
 t - a +0 flail of protection
Missiles
 r - a throwing net
Armour
 c - a +0 buckler (worn)
 e - a +2 ring mail of cold resistance (worn)
 i - a scarf of repulsion (worn)
 s - a +1 helmet of see invisible (worn)
Jewellery
 g - an amulet of magic regeneration (around neck)
 k - a ring of flight (left hand)
Wands
 d - a wand of roots (5) (quivered)
Scrolls
 f - 4 scrolls of teleportation
 l - 2 scrolls of enchant weapon
Potions
 b - a potion of lignification {unknown}
 h - a potion of berserk rage {unknown}
 j - 2 potions of brilliance
 n - 6 potions of curing
 o - 2 potions of haste
 q - 2 potions of enlightenment


   Skills:
 + Level 7.1 Fighting
 + Level 6.1 Maces & Flails
 + Level 7.1 Armour
 + Level 7.1 Shields


You had 8 spell levels left.
You didn't know any spells.
Your spell library contained the following spells:

 Spells                   Type           Power      Damage    Failure   Level
 Freeze                   Ice            0%         1d3       56%         1
 Magic Dart               Conj           0%         1d3       56%         1
 Ensorcelled Hibernation  Hex/Ice        0%         N/A       71%         2
 Searing Ray              Conj           0%         2d4       71%         2
 Frozen Ramparts          Ice            0%         1d1       91%         3
 Fugue of the Fallen      Necr           0%         N/A       91%         3
 Hailstorm                Conj/Ice       0%         3d5       91%         3
 Ozocubu's Armour         Ice            0%         N/A       91%         3
 Anguish                  Hex/Necr       0%         N/A       100%        4
 Fulminant Prism          Conj/Alch      0%         3d5       100%        4
 Manifold Assault         Tloc           0%         N/A       100%        4


Dungeon Overview and Level Annotations

Branches:
Dungeon (6/15)             Temple (1/1) D:5           Sewer (visited)

Altars:
Ashenzari
Cheibriados
Dithmenos
Elyvilon
Fedhas
Hepliaklqana
Nemelex Xobeh
Okawaru
Ru
Uskayaw
Vehumet
Wu Jian
Xom
Yredelemnul
The Shining One

Shops:
D:3 [


Innate Abilities, Weirdness & Mutations

You are immune to sickness and miasma.
Your stone body is resilient. (AC +6)
You are immune to poison.
You resist negative energy. (rN+)
You are resistant to electric shocks. (rElec)
You are resistant to unholy torment.
You are immune to petrification.


Message History

You are too injured to fight recklessly!
You are too injured to fight recklessly!
You are too injured to fight recklessly!
You are too injured to fight recklessly!
You are too injured to fight recklessly!
You are too injured to fight recklessly!
You are too injured to fight recklessly!
You are too injured to fight recklessly!
The hound barely misses you.
You sock the hound!
You kill the hound!
You sock the acid dragon!
The acid dragon is heavily wounded.
The acid dragon bites you.
* * * LOW HITPOINT WARNING * * *
The acid dragon claws you.
* * * LOW HITPOINT WARNING * * *
You barely miss the acid dragon.
The acid dragon is heavily wounded.
The acid dragon closely misses you. You block the acid dragon's attack.
You hit the acid dragon.
The acid dragon is heavily wounded.
The acid dragon barely misses you. x2
You closely miss the acid dragon.
The acid dragon is heavily wounded.
The acid dragon spits acid at you. You block the splash of acid.
You hit the acid dragon.
The acid dragon is heavily wounded.
You block the acid dragon's attack. The acid dragon barely misses you. x2
The acid dragon closely misses you.
You hit the acid dragon.
The acid dragon is severely wounded.
The acid dragon closely misses you. The acid dragon barely misses you.
You hit the acid dragon.
The acid dragon is almost dead.
The acid dragon spits acid at you. The splash of acid hits you!!
Ouch! That really hurt!
You die...

#~~≈≈~##. ...#. ##
#.~≈≈~##. . ..# . #.
#.~≈≈~##.#....#.. #.###
#.~≈≈~~#......... #...##
#.~~≈≈~#..#......
.....###.#~≈≈~#.........
..........~≈≈~..........
..<..###.#~≈≈~##D#
...§####..~≈≈~##@#
...####..~~≈≈~##.#
.........~≈≈~~##.######.#
#..####..~≈≈~...........#
#..(..##~~≈≈~....#.######
#.....†.~≈≈~~###.#.#
#####.#~~≈≈~## #.#.#
#.#~≈≈~~# #.#.# #.~~≈≈~##
#>#.#


You could see an acid dragon (catching breath).

Vanquished Creatures
  Sigmund (D:5)
  Eustachio (D:4)
  Edmund (D:5)
  Duvessa (D:4)
  2 phantoms (D:5)
  2 kobold brigands (Sewer)
  Blork the orc (D:4)
  A bullfrog (D:6)
  A scorpion (D:5)
  Dowan (D:4)
  A howler monkey (D:5)
  2 bombardier beetles (D:5)
  A jelly (D:6)
  3 hounds
  3 orc priests
  A gnoll bouda (D:3)
  2 orc wizards
  4 gnolls
  6 adders
  4 river rats
  3 shadow imps (D:5)
  2 white imps (D:5)
  12 ufetubi
  A dart slug (D:4)
  4 ribbon worms
  20 orcs
  7 ball pythons
  3 bats
  4 endoplasms
  5 giant cockroaches
  7 goblins
  9 hobgoblins
  9 jackals
  8 kobolds
  6 quokkas
  4 frilled lizards
  14 rats
157 creatures vanquished.

Vanquished Creatures (others)
  An orc wizard (D:5)
1 creature vanquished.

Grand Total: 158 creatures vanquished

Notes
Turn   | Place    | Note
-------+----------+-------------------------------------------
     0 | D:1      | Dittersdorf the Gargoyle Fighter began the quest for the
                  | Orb.
     0 | D:1      | Reached XP level 1. HP: 14/14 MP: 1/1
    86 | D:1      | Reached XP level 2. HP: 19/19 MP: 2/2
   276 | D:1      | Reached XP level 3. HP: 20/23 MP: 3/3
   754 | D:2      | Reached XP level 4. HP: 29/29 MP: 4/4
   912 | D:2      | Identified the +10 mace of Enwivyhu {antimagic, +Blink
                  | rPois}
  1407 | D:3      | Found Ytathin's Armour Shop.
  1495 | D:3      | Reached XP level 5. HP: 33/33 MP: 1/5
  1582 | D:3      | Found a glowing drain.
  1586 | Sewer    | Entered a sewer
  1656 | Sewer    | Noticed a kobold brigand
  1657 | Sewer    | Noticed a kobold brigand
  1665 | Sewer    | Killed a kobold brigand
  1666 | Sewer    | Reached XP level 6. HP: 28/39 MP: 2/6
  1776 | Sewer    | Found a white marble altar of Elyvilon.
  2082 | D:3      | Found a basalt altar of Yredelemnul.
  2277 | D:3      | Found a hide-covered altar of Uskayaw.
  2323 | D:3      | Found a faded altar of an unknown god.
  2619 | D:3      | Bought a +1 helmet of see invisible for 165 gold pieces
  2868 | D:3      | Reached skill level 5 in Fighting
  2868 | D:3      | Reached skill level 5 in Armour
  2881 | D:4      | Reached skill level 5 in Shields
  2959 | D:4      | Reached XP level 7. HP: 42/44 MP: 2/7
  3038 | D:4      | Noticed Duvessa
  3038 | D:4      | Noticed Dowan
  3043 | D:4      | Killed Dowan
  3054 | D:4      | Killed Duvessa
  3193 | D:4      | Noticed Blork the orc
  3205 | D:4      | Killed Blork the orc
  3364 | D:4      | Noticed Eustachio
  3382 | D:4      | Killed Eustachio
  3383 | D:4      | Reached XP level 8. HP: 45/51 MP: 2/8
  3900 | D:5      | Entered Level 5 of the Dungeon
  3930 | D:5      | Reached skill level 5 in Maces & Flails
  4265 | D:5      | Found a staircase to the Ecumenical Temple.
  4331 | Temple   | Entered the Ecumenical Temple
  4360 | D:5      | Found an iron altar of Okawaru.
  4677 | D:5      | Noticed Sigmund
  4681 | D:5      | Killed Sigmund
  4705 | D:5      | Noticed Edmund
  4722 | D:5      | Killed Edmund
  4723 | D:5      | Reached XP level 9. HP: 42/56 MP: 3/9
  5009 | D:6      | Killed from afar by an acid dragon

Illustrated notes

Levels and vault maps discovered:
D:1:      scummos_arrival_hexagon, layout_rooms, minmay_misc_feat_enclosed,
          chequers_serial_rivers_micro_a, serial_park_tiny_1
D:2:      layout_loops_ring, hangedman_decor_riveting, minmay_indecisive_spiral
D:3:      layout_loops_cross, mainiacjoe_overflow_24_doors,
          nicolae_uskayaw_murder_on_the_dancefloor, serial_shops,
          nicolae_shop_statue_plus, basic_ecumenical_altar,
          gup_sewer_entry_spiral
D:4:      layout_loops_cross, uniq_eustachio, uniq_duvessa, uniq_blork_the_orc
D:5:      layout_basic, okawaru_gym_becter, minmay_temple_entry_butterflies,
          serial_demonic, serial_demonic_e, serial_demonic_c, serial_demonic_f,
          serial_demonic_b, serial_demonic_a, serial_demonic_g,
          serial_demonic_g, sigmund_edmund_badplayer
D:6:      wander_river, layout_loops_ring, lemuel_tele_altar,
          lightli_temple_of_fire, nicolae_gozag_seed_capital,
          amcnicky_altar_gilded, serial_shops,
          nicolae_shop_pleasant_corner_grove
Temple:   minmay_temple_bridge_abc

Skill      XL: |  1  2  3  4  5  6  7  8  9 |
---------------+----------------------------+-----
Shields        | 4 5 6 7 |  7.1
Armour         | 4 5 6 7 |  7.1
Fighting       | 4 5 6 7 |  7.1
Maces & Flails | 3 4 5 6 |  6.1

Action                     |  1- 3 |  4- 6 |  7- 9 || total
---------------------------+-------+-------+-------++-------
  Melee: Flail             |   151 |    20 |       ||   171
         Mace              |       |   124 |   199 ||   323
  Evoke: Wand              |       |       |     1 ||     1
    Use: Scroll            |       |     1 |     9 ||    10
         Potion            |       |       |     1 ||     1
 Armour: Scale mail        |   109 |   105 |    69 ||   283
         Ring mail         |       |       |   112 ||   112
  Dodge: Dodged            |    69 |    67 |   135 ||   271
         Repelled          |       |     2 |     3 ||     5
  Block: Buckler           |    36 |    27 |    76 ||   139

Table legend: (Time is in decaauts)
 A = Elapsed time spent in this place.
 B = Non-inter-level travel time spent in this place.
 C = Inter-level travel time spent in this place.
 D = Time resting spent in this place.
 E = Time spent auto-exploring this place.
 F = Levels seen in this place.
 G = Mean time per level.
                   A        B        C        D        E       F      G
               +--------+--------+--------+--------+--------+-----+--------+
         Total |   5194 |   4911 |    283 |    547 |   2978 |   8 |  649.2 |
       Dungeon |   4929 |   4646 |    283 |    473 |   2875 |   6 |  821.5 |
        Temple |      1 |      1 |      0 |      0 |      0 |   1 |    1.0 |
         Sewer |    263 |    263 |      0 |     74 |    103 |   1 |  263.0 |
               +--------+--------+--------+--------+--------+-----+--------+

Top non-repeatable levels by time:
     D:3: 1222 daAuts
     D:4: 1073 daAuts
     D:5: 1016 daAuts
     D:2: 945 daAuts
     D:1: 555 daAuts
   Sewer: 263 daAuts
     D:6: 115 daAuts
  Temple: 1 daAuts
